 Dungeon Crawl Stone Soup version 0.28-a0-1033-g1a2f33fa85 (webtiles) character file.

Game seed: 15584912409066333683

457 Redcow54321 the Grappler (level 7, -2/55 HPs)
             Began as a Ghoul Gladiator on Dec 7, 2021.
             Slain by a gnoll (8 damage)
             ... on level 4 of the Dungeon.
             The game lasted 00:05:52 (3319 turns).

Redcow54321 the Grappler (Ghoul Gladiator)          Turns: 3319, Time: 00:05:53

Health: -2/55      AC:  5    Str: 20    XL:     7   Next: 6%
Magic:  6/6        EV: 12    Int:  3    God:
Gold:   144        SH:  0    Dex: 10    Spells: 6/6 levels left

rFire   . . .      SeeInvis .     - Unarmed
rCold   + . .      Faith    .   (no shield)
rNeg    + + +      Spirit   .   a - +0 leather armour
rPois   ∞          Reflect  .   b - +0 helmet
rElec   .          Harm     .   d - +0 cloak
rCorr   .          Rampage  .   (no gloves)
Will    +....                   (no boots)
Stlth   +.........              (no amulet)
HPRegen 0.00/turn               c - ring of willpower
MPRegen 0.10/turn               (no ring)

@: inhibited regen
A: claws 1, cold resistance 1, negative energy resistance 3, inhibited
regeneration, torment resistance 2
a: no special abilities


You were on level 4 of the Dungeon.
You visited 1 branch of the dungeon, and saw 4 of its levels.

You collected 144 gold pieces.

Inventory:

Armour
 a - a +0 leather armour (worn)
 b - a +0 helmet (worn)
 d - a +0 cloak (worn)
Jewellery
 c - a ring of willpower (left claw)
Scrolls
 g - a scroll of teleportation
 h - a scroll of summoning {unknown}
 i - a scroll of magic mapping {unknown}
 j - a scroll of noise
Potions
 e - a potion of mutation
 f - 2 potions of curing


   Skills:
 - Level 2.1 Fighting
 - Level 1.7 Throwing
 - Level 2.6 Dodging
 * Level 8.5 Unarmed Combat


You had 6 spell levels left.
You didn't know any spells.
Your spell library contained the following spells:

 Spells                   Type           Power      Damage    Failure   Level
 Summon Hydra             Summ           0%         N/A       100%        7
 Sublimation of Blood     Necr           Unusable   N/A       N/A         2
 Wereblood                Tmut           Unusable   N/A       N/A         2

Dungeon Overview and Level Annotations

Branches:
Dungeon (4/15)
 Temple: D:4-7

Altars:
Dithmenos
Elyvilon
Okawaru
Zin


Innate Abilities, Weirdness & Mutations

You thrive by killing the living.
You are immune to poison.
You have sharp fingernails.
Your flesh is cold resistant. (rC+)
You are immune to negative energy. (rN+++)
You do not regenerate when monsters are visible.
You are immune to unholy pain and torment.


Message History

Found 29 stones. 3 gnolls and a gnoll shaman come into view.
The gnoll shaman shouts!
The gnoll shouts! x2
You scratch the gnoll.
The gnoll is moderately wounded.
The gnoll hits you from afar with a +0 spear.
The gnoll misses you.
You closely miss the gnoll shaman. The gnoll closely misses you.
The gnoll hits you with a +0 flail.
You barely miss the gnoll shaman.
A hobgoblin comes into view.
The gnoll shaman calls upon its god to heal the gnoll.
The gnoll's wounds heal themselves!
The gnoll hits you from afar with a +0 spear.
The hobgoblin shouts!
You scratch the gnoll shaman.
The gnoll shaman is lightly wounded.
The gnoll closely misses you.
The gnoll shaman hits you with a +0 whip.
You barely miss the gnoll shaman.
The gnoll shaman is lightly wounded.
The gnoll closely misses you.
You scratch the gnoll shaman.
The gnoll shaman is lightly wounded.
The gnoll shaman invokes the aid of its god against you.
You resist with almost no effort. The gnoll hits you with a +0 flail.
The gnoll barely misses you. The gnoll hits you with a +0 club.
You scratch the gnoll shaman. Your claw misses the gnoll shaman.
The gnoll shaman is lightly wounded.
The gnoll shaman hits you with a +0 whip.
The gnoll hits you with a +0 flail.
The gnoll hits you from afar with a +0 spear.
* * * LOW HITPOINT WARNING * * *
The gnoll hits you with a +0 club.
* * * LOW HITPOINT WARNING * * *
You closely miss the gnoll.
The gnoll shaman hits you with a +0 whip.
* * * LOW HITPOINT WARNING * * *
The gnoll hits you with a +0 flail!
You die...

..# ..# ..# ..#
...# g.# .8.
g.#####...
##g.....##.# #@g#
#.# #g##### ##.##
#
#.#...###...###...
#(..8....._.....8.
###...###(..###...
##### ##.##.####
#.###....
##.##.....
#...#..###


You could see a gnoll shaman, 3 gnolls and a hobgoblin.

Vanquished Creatures
  An ice beast (D:3)
  4 hounds
  A bullfrog skeleton (D:4)
  Natasha (thrice) (D:2)
  An adder (D:2)
  4 gnolls (D:3)
  2 worms (D:3)
  4 dart slugs
  3 orcs (D:3)
  2 bats
  6 endoplasms
  6 giant cockroaches
  7 goblins
  8 hobgoblins
  10 jackals
  3 quokkas
  4 ball pythons
  7 kobolds
  4 rats
80 creatures vanquished.

Notes
Turn   | Place    | Note
-------+----------+-------------------------------------------
     0 | D:1      | Redcow54321 the Ghoul Gladiator began the quest for the
                  | Orb.
     0 | D:1      | Reached XP level 1. HP: 17/17 MP: 0/0
     2 | D:1      | Found a shadowy altar of Dithmenos.
    76 | D:1      | Reached XP level 2. HP: 23/24 MP: 1/1
   206 | D:1      | Reached skill level 4 in Unarmed Combat
   453 | D:1      | Reached XP level 3. HP: 28/29 MP: 2/2
   476 | D:1      | Found a faded altar of an unknown god.
   899 | D:2      | Reached skill level 5 in Unarmed Combat
   909 | D:2      | Noticed Natasha
   918 | D:2      | Killed Natasha
   919 | D:2      | Reached XP level 4. HP: 32/36 MP: 3/3
   940 | D:2      | Noticed Natasha
   953 | D:2      | Killed Natasha
  1097 | D:2      | Noticed Natasha
  1111 | D:2      | HP: 1/36 [Natasha (4)]
  1112 | D:2      | Killed Natasha
  1113 | D:2      | Reached skill level 6 in Unarmed Combat
  1113 | D:2      | Reached XP level 5. HP: 4/41 MP: 4/4
  2520 | D:3      | Noticed an ice beast
  2534 | D:3      | Killed an ice beast
  2535 | D:3      | Reached skill level 7 in Unarmed Combat
  2535 | D:3      | Reached XP level 6. HP: 31/48 MP: 5/5
  2714 | D:3      | Reached skill level 8 in Unarmed Combat
  2924 | D:4      | Found an iron altar of Okawaru.
  3293 | D:4      | Reached XP level 7. HP: 55/55 MP: 6/6
  3319 | D:4      | Slain by a gnoll

Illustrated notes

Levels and vault maps discovered:
D:1:      sevenhm_arrival_forest_fort_small_6, layout_loops_ring,
          dreamdust_ecumenical_altar_grove, grunt_decor_one_mirror
D:2:      layout_basic, uniq_natasha
D:3:      layout_basic, marbit_many_paths, cheibrodos_gnoll_hut
D:4:      layout_basic, elyvilon_altar_1, kennysheep_okawaru_gauntlet,
          nicolae_wu_jian_immortal_techniques, lemuel_temple_firewalk_b,
          uniq_pikel, uniq_sigmund, uniq_grinder, uniq_ijyb

Skill      XL: |  1  2  3  4  5  6 |
---------------+-------------------+-----
Unarmed Combat | 4 5 6 7 8 |  8.5
Fighting       | |  2.1
Throwing       | |  1.7
Dodging        | |  2.6

Action                   |  1- 3 |  4- 6 |  7- 9 || total
-------------------------+-------+-------+-------++-------
Melee: Unarmed           |    97 |   144 |    11 ||   252
       Punch             |     1 |     5 |       ||     6
  Use: Potion            |       |     6 |       ||     6
       Scroll            |       |     4 |       ||     4
 Stab: Sleeping          |       |     1 |       ||     1
Armor: Leather armour    |    28 |    41 |       ||    69
Dodge: Dodged            |    58 |    85 |     7 ||   150

Table legend: (Time is in decaauts)
 A = Elapsed time spent in this place.
 B = Non-inter-level travel time spent in this place.
 C = Inter-level travel time spent in this place.
 D = Time resting spent in this place.
 E = Time spent auto-exploring this place.
 F = Levels seen in this place.
 G = Mean time per level.
                   A        B        C        D        E       F      G
               +--------+--------+--------+--------+--------+-----+--------+
         Total |   3296 |   3252 |     44 |    271 |   2375 |   4 |  824.0 |
       Dungeon |   3296 |   3252 |     44 |    271 |   2375 |   4 |  824.0 |
               +--------+--------+--------+--------+--------+-----+--------+

Top non-repeatable levels by time:
     D:2: 1144 daAuts
     D:3: 974 daAuts
     D:1: 747 daAuts
     D:4: 429 daAuts
